 Dungeon Crawl Stone Soup version 0.23.2-1-ga50397a (webtiles) character file.

Game seed: 15089527426051103909

16 Iscandelvey the Vexing (level 2, -2/21 HPs)
             Began as a Demonspawn Arcane Marksman on Apr 17, 2019.
             Slain by an adder (3 damage)
             ... on level 2 of the Dungeon.
             The game lasted 00:03:17 (500 turns).

Iscandelvey the Vexing (Demonspawn Arcane Marksman)  Turns: 500, Time: 00:03:17

Health: -2/21      AC:  2    Str: 10    XL:     2   Next: 37%
Magic:  4/4        EV: 12    Int: 14    God:
Gold:   30         SH:  0    Dex: 13    Spells: 1/3 levels left

rFire    . . .     SeeInvis .   j - +0 dagger (flame)
rCold    . . .     Gourm    .   (no shield)
rNeg     . . .     Faith    .   e - +0 robe
rPois    .         Spirit   .   (no helmet)
rElec    .         Reflect  .   (no cloak)
rCorr    .         Harm     .   (no gloves)
MR       .....                  (no boots)
Stlth    +.........             (no amulet)
HPRegen  0.07/turn              (no ring)
MPRegen  0.09/turn              (no ring)

@: no status effects
A: powered by death 1
a: no special abilities


You were on level 2 of the Dungeon.
You were not hungry.

You visited 1 branch of the dungeon, and saw 2 of its levels.

You collected 30 gold pieces.

Inventory:

Hand Weapons
 a - a +0 hand crossbow
 j - a +0 dagger of flaming (weapon)
Missiles
 d - 18 bolts
Armour
 e - a +0 robe (worn)
Jewellery
 c - an uncursed ring of flight {unknown}
 l - an uncursed ring of poison resistance {unknown}
Comestibles
 f - a ration
 i - 2 chunks of flesh


   Skills:
 - Level 1.0 Fighting
 + Level 2.2 Crossbows
 + Level 2.0 Dodging
 * Level 1.3 Spellcasting
 - Level 3.1 Hexes


You had one spell level left.
You knew the following spells:

 Your Spells              Type           Power        Failure   Level  Hunger
b - Slow                  Hex            #.......     11%         2    ###....

Your spell library contained the following spells:

 Spells                   Type           Power        Failure   Level  Hunger
 Corona                   Hex            #......      7%          1    ##.....
 Inner Flame              Hex/Fire       #.......     38%         3    ####...
 Portal Projectile        Hex/Tloc       #.....       38%         3    ####...
 Cause Fear               Hex            #.........   56%         4    #####..
 Leda's Liquefaction      Hex/Erth       #.........   80%         4    #####..


Dungeon Overview and Level Annotations

Branches:
Dungeon (2/15)

Altars:


Innate Abilities, Weirdness & Mutations

You regenerate a little health from kills.


Message History

You feel sick. The adder bites you. The adder bites you.
You feel sick.
You are no longer poisoned.
The bat hits you but does no damage. The bat barely misses you.
The hobgoblin shouts!
The bat hits you but does no damage. The bat barely misses you.
The hobgoblin drinks a potion.
The hobgoblin seems to speed up.
The adder barely misses you. The bat hits you but does no damage.
A rat comes into view.
The hobgoblin hits you with a +0 club. The bat hits you.
The bat closely misses you. The hobgoblin hits you with a +0 club.
* * * LOW HITPOINT WARNING * * *
The hobgoblin barely misses you. The bat hits you but does no damage.
The hobgoblin hits you with a +0 club.
* * * LOW HITPOINT WARNING * * *
The adder bites you.
You die...

###............#,......####..**
#...##......#..##,......#...#*
##.####...#####..#*#..........*
.# #.###.##.S........#####.,,,
#### #.#**.##....r.....#* *,,,,
#..**,##...........#* *,,,,
##.,,,*#............#**,,,,
*.****##............,,,,,, ***
*..........**,,,,,,,
*..........***,,,,,,
*,,,,,,,,,,* *,,,,,,


You could see 3 adders, a hobgoblin, a bat (inner flame) and a rat.

Vanquished Creatures
  A leopard gecko (D:1)
  2 bats (D:1)
  A giant cockroach (D:1)
  2 goblins (D:1)
  A hobgoblin (D:1)
  3 jackals (D:1)
  3 rats (D:1)
13 creatures vanquished.

Notes
Turn   | Place    | Note
-------+----------+-------------------------------------------
     0 | D:1      | Iscandelvey the Demonspawn Arcane Marksman began the quest
                  | for the Orb.
     0 | D:1      | Reached XP level 1. HP: 15/15 MP: 2/2
   160 | D:1      | Gained mutation: You regenerate a little health from kills.
                  | [demonic ancestry]
   160 | D:1      | Reached XP level 2. HP: 21/21 MP: 3/3
   409 | D:1      | Learned a level 2 spell: Slow
   500 | D:2      | HP: 1/21 [hobgoblin/+0 club (4)]
   500 | D:2      | Slain by an adder

Skill      XL: |  1 |
---------------+----+-----
Dodging        | 2 |  2.0
Crossbows      | 2 |  2.2
Fighting       | |  1.0
Spellcasting   | |  1.3
Hexes          | |  3.1

Action                   || total
-------------------------++-------
Melee: Dagger            ||    26
 Fire: Hand crossbow     ||    19
 Cast: Slow              ||     1
  Use: Scroll            ||     3
       Potion            ||     1
 Stab: Sleeping          ||     1
Armor: Robe              ||    17
Dodge: Dodged            ||    56
